[Event "*** Titled Tuesday Blitz"]
[Site "Chess.com"]
[Date "2020.12.01"]
[Round "11"]
[White "alexsuper1987"]
[Black "SergeyShtyka"]
[Result "0-1"]
[WhiteElo "2327"]
[BlackElo "2452"]
[TimeControl "180+1"]
[EndTime "12:05:30 PST"]
[Termination "SergeyShtyka won by resignation"]

1. d4 c5 2. e3 e6 3. Nf3 Nf6 4. c3 Nc6 5. Nbd2 Be7 6. Bd3 O-O 7. O-O b6 8. e4 d5 9. e5 Ne8 10. a3 f5 11. exf6 Bxf6 12. dxc5 bxc5 13. Re1 Nd6 14. c4 Nf5 15. Bxf5 exf5 16. cxd5 Qxd5 17. Nf1 Qxd1 18.
Rxd1 Nd4 19. Be3 Rd8 20. Rab1 Bb7 21. N3d2 Rac8 22. Nc4 Be4 23. Ra1 Bc2 24. Bxd4 cxd4 25. Nfd2 Bxd1 26. Rxd1 d3 27. b4 Bg5 28. g3 Bxd2 29.
Nxd2 Rc3 30. a4 Rd4 31. f3 Rxb4 32. Kf2 Rxa4 33. Ke3 g6 34. Nb1 Rb3 35. Nd2 Rb8 36. Kxd3 Rd8+ 37. Ke3 Rad4 0-1

[Event "*** Titled Tuesday Blitz"]
[Site "Chess.com"]
[Date "2020.12.01"]
[Round "11"]
[White "chidori_boruto"]
[Black "SanchezKelvin"]
[Result "1-0"]
[WhiteElo "2659"]
[BlackElo "2467"]
[TimeControl "180+1"]
[EndTime "12:05:32 PST"]
[Termination "chidori_boruto won by resignation"]

1. c4 Nf6 2. g3 c5 3. Bg2 Nc6 4. Nc3 g6 5. e3 Bg7 6. Nge2 O-O 7.
O-O e6 8. Nf4 Na5 9. d3 Rb8 10.
a3 Qe7 11. Rb1 Nc6 12. b4 cxb4 13. axb4 Nxb4 14. Ba3 a5 15. Na2 d6 16. Nxb4 axb4 17. Bxb4 Rd8 18. Ba5 Rd7 19. Bb6 Ra8 20. Qb3 Ra6 21. d4 g5 22. Ne2 Qe8 23. Ra1 d5 24. c5 Ne4 25. Bxe4 Rxa1 26. Bxh7+ Kxh7 27. Rxa1 f5 28. Ra8 Bf6 29. Qa2 Kg6 30. Rb8 Rh7 31.
Qa8 Rh8 32. Nc3 f4 33. Bc7 fxe3 34. fxe3 Qg8 35. h3 g4 36. h4 e5 37. dxe5 d4 38.
exd4 Qc4 39. Rxc8 Qxd4+ 40. Kf1 Qd3+ 41. Ne2 Qb1+ 42. Kg2 Qe4+ 43. Kf2 Qf5+ 44. Nf4+ 1-0

[Event "*** Titled Tuesday Blitz"]
[Site "Chess.com"]
[Date "2020.12.01"]
[Round "11"]
[White "leoduarte"]
[Black "igorcadilhac"]
[Result "0-1"]
[WhiteElo "2338"]
[BlackElo "2456"]
[TimeControl "180+1"]
[EndTime "12:05:34 PST"]
[Termination "igorcadilhac won on time"]

1. e4 e5 2. Nf3 Nc6 3. d4 exd4 4. Nxd4 Nf6 5. Nc3 Bb4 6. Nxc6 bxc6 7. Bd3 d5 8. exd5 cxd5 9. O-O O-O 10. Bg5 c6 11.
Qf3 h6 12. Bf4 Bd6 13. h3 Rb8 14. b3 Rb4 15. Bxd6 Qxd6 16. Na4 Rf4 17. Qe3 d4 18. Qd2 Nd5 19. Rfe1 Rh4 20. Re4 Nf4 21. Rae1 Bf5 22.
Re8 Qg6 23. Rxf8+ Kxf8 24. Qb4+ Kg8 25. Re8+ Kh7 26. Bxf5 Nxh3+ 27. Kf1 Qxf5 28. gxh3 Rxh3 0-1

[Event "*** Titled Tuesday Blitz"]
[Site "Chess.com"]
[Date "2020.12.01"]
[Round "11"]
[White "Aborigen_came"]
[Black "yourstrulyme"]
[Result "0-1"]
[WhiteElo "2707"]
[BlackElo "2486"]
[TimeControl "180+1"]
[EndTime "12:05:35 PST"]
[Termination "yourstrulyme won on time"]

1. Nc3 Nf6 2. e4 d6 3. d4 g6 4. Bg5 Bg7 5. Qd2 c6 6. f3 Nbd7 7.
O-O-O b5 8. Bh6 Bxh6 9. Qxh6 b4 10. Nce2 Qa5 11. Kb1 Rb8 12. Nc1 Nb6 13. Nb3 Qa4 14. h4 Ba6 15. Bd3 Bxd3 16. cxd3 Qb5 17. Ne2 a5 18. g4 a4 19. Nbc1 Kd7 20. h5 g5 21. Ng3 Rhg8 22. Nf5 c5 23. dxc5 Qxc5 24.
Rh2 b3 25. a3 Rbc8 26. Re1 Qe5 27. Rhe2 Rc2 28. Rxc2 bxc2+ 29. Kxc2 Rb8 30. d4 Qb5 31.
Nd3 Nc4 32. Nb4 Rc8 33. Kb1 Nxa3+ 34. bxa3 Qc4 35. e5 Qb3+ 36. Ka1 Qc3+ 37. Ka2 Qd2+ 0-1

[Event "*** Titled Tuesday Blitz"]
[Site "Chess.com"]
[Date "2020.12.01"]
[Round "11"]
[White "Oleksandr_Bortnyk"]
[Black "German_Bazeev"]
[Result "1-0"]
[WhiteElo "2889"]
[BlackElo "2726"]
[TimeControl "180+1"]
[EndTime "12:05:36 PST"]
[Termination "Oleksandr_Bortnyk won by resignation"]

1. e4 c5 2. Nf3 Nf6 3. e5 Nd5 4.
c3 Nc6 5. d4 cxd4 6. cxd4 d6 7.
Nc3 dxe5 8. dxe5 Nxc3 9. Qxd8+ Nxd8 10. bxc3 e6 11. Bb5+ Bd7 12. Bxd7+ Kxd7 13. Be3 Be7 14. Ke2 Nc6 15. Rab1 b6 16. Nd4 Nxd4+ 17. cxd4 Rac8 18.
Kd3 Rc6 19. Rhd1 Rhc8 20. Ke4 Rc4 21. g4 Ra4 22. Rd2 Rc3 23. f4 Rca3 24. Rbb2 g6 25.
Rbc2 Bb4 26. Re2 Rc3 27. Rxc3 Bxc3 28. f5 Bb4 29. h4 Be7 30. h5 b5 31. fxg6 fxg6 32. Rh2 g5 33. h6 b4 34. Rf2 Ke8 35.
Rc2 a5 36. Rc8+ Kd7 37. Rh8 Rxa2 38. Rxh7 Kd8 39. d5 exd5+ 40. Kxd5 b3 41. Bb6+ Ke8 42. Ke6 Bf8 43. Rb7 1-0

[Event "*** Titled Tuesday Blitz"]
[Site "Chess.com"]
[Date "2020.12.01"]
[Round "11"]
[White "Leonid_Starozhilov"]
[Black "Tpros"]
[Result "0-1"]
[WhiteElo "2636"]
[BlackElo "2521"]
[TimeControl "180+1"]
[EndTime "12:05:36 PST"]
[Termination "Tpros won on time"]

1. e4 c5 2. Nf3 a6 3. c3 e6 4. d4 d5 5. e5 Nc6 6. a3 c4 7. b3 b5 8. a4 Bd7 9. Nbd2 Na5 10. b4 Nc6 11. axb5 axb5 12. Bb2 Nge7 13. g3 Rxa1 14. Qxa1 Nc8 15. h4 Nb6 16. Bh3 Be7 17.
O-O O-O 18. Re1 Qa8 19. Qb1 h6 20. Nf1 Qa4 21. N3d2 Ra8 22. Bc1 Qa2 23. Ne3 Qxb1 24.
Nxb1 Ra2 25. Kf1 Be8 26. Na3 Nxd4 27. cxd4 Bxb4 28. Nac2 Bxe1 29. Kxe1 Ra4 30. Ba3 Nc8 31. Kd2 Na7 32. Kc3 Nc6 33. Bc5 Ra2 34. Bg4 Kh7 0-1

[Event "*** Titled Tuesday Blitz"]
[Site "Chess.com"]
[Date "2020.12.01"]
[Round "11"]
[White "nochewycandy"]
[Black "orestn"]
[Result "0-1"]
[WhiteElo "2494"]
[BlackElo "2320"]
[TimeControl "180+1"]
[EndTime "12:05:36 PST"]
[Termination "orestn won by checkmate"]

1. c4 e6 2. g3 d5 3. Bg2 Nf6 4. Nf3 Nbd7 5. O-O c6 6. b3 a5 7. Bb2 a4 8. d4 Ne4 9. Nfd2 a3 10. Bc1 f5 11. Nxe4 dxe4 12. f3 exf3 13. Bxf3 Nf6 14. Nc3 Bb4 15. Qd3 e5 16. Bg2 Qxd4+ 17. Qxd4 exd4 18.
Na4 Ra6 19. c5 Be6 20. Bg5 Ne4 21. Bxe4 fxe4 22. Rad1 Rxa4 23. bxa4 Bxc5 24. Rc1 b6 25. a5 Kd7 26. axb6 Bxb6 27. Rb1 Bc5 28. Rb7+ Kd6 29.
Be7+ Kd5 30. Bxc5 Kxc5 31. Rc1+ Kd6 32. Ra7 Bxa2 33. Rxa3 Bd5 34. Ra4 Ke5 35. Ra7 g6 36. Kf2 Rf8+ 37. Ke1 h5 38. Kd2 e3+ 39. Kd3 Rb8 40.
Re7+ Kd6 41. Rg7 Ke5 42. Re7+ Kd6 43. Rg7 Rb3+ 44. Kxd4 c5+ 45. Rxc5 Rb4+ 46. Kc3 Kxc5 47. Rxg6 Rb3+ 48. Kc2 Ra3 49. Rg5 Kd4 50. Rxh5 Ra2+ 51.
Kd1 Bb3+ 52. Kc1 Rxe2 53. Rh8 Kc3 54. Rc8+ Bc4 55. Kd1 Rxh2 56. Rh8 Rxh8 57. g4 Rh1# 0-1

[Event "*** Titled Tuesday Blitz"]
[Site "Chess.com"]
[Date "2020.12.01"]
[Round "11"]
[White "TrenerChos"]
[Black "Fortitudine"]
[Result "1-0"]
[WhiteElo "2212"]
[BlackElo "2338"]
[TimeControl "180+1"]
[EndTime "12:05:36 PST"]
[Termination "TrenerChos won on time"]

1. d4 Nf6 2. Nf3 c5 3. g3 g6 4. Bg2 cxd4 5. O-O Bg7 6. Nxd4 O-O 7. Nb3 d5 8. Nc3 e6 9. e4 dxe4 10. Qxd8 Rxd8 11. Nxe4 Nxe4 12. Bxe4 Nc6 13. c3 Ne5 14. Bf4 Nc4 15. Rfd1 Re8 16. Rab1 f5 17. Bg2 e5 18.
Bc1 Rb8 19. Nc5 Kh8 20. b3 Na5 21. Bb2 b6 22. Nd7 Bxd7 23. Rxd7 Red8 24. Rbd1 Bf6 25. c4 Rxd7 26. Rxd7 Re8 27. Rxa7 h5 28. Bd5 Bg7 29. Bf7 Rd8 30. Bxg6 Nc6 31. Rc7 Nb4 32. Bxf5 Nxa2 33. Ba3 Nc3 34. Be7 Re8 35. Bg6 Ra8 36. Rd7 Ne2+ 37.
Kg2 Nd4 38. Bd8 Nxb3 39. Bxb6 Rf8 40. Rd8 Rxd8 41. Bxd8 1-0

[Event "*** Titled Tuesday Blitz"]
[Site "Chess.com"]
[Date "2020.12.01"]
[Round "11"]
[White "esrosenberg"]
[Black "tteshan"]
[Result "0-1"]
[WhiteElo "2213"]
[BlackElo "2354"]
[TimeControl "180+1"]
[EndTime "12:05:39 PST"]
[Termination "tteshan won on time"]

1. Nf3 c5 2. e4 Nc6 3. Bb5 e6 4. Bxc6 bxc6 5. O-O d6 6. d3 Ne7 7.
Be3 Ng6 8. Nbd2 Be7 9. Nc4 O-O 10.
Qd2 Rb8 11. b3 Bf6 12. Rad1 d5 13. Na5 Qc7 14. Bxc5 Rd8 15. exd5 Rxd5 16. b4 h6 17.
Nb3 e5 18. h3 e4 19. Ne1 Bf5 20. Qe2 exd3 21. Nxd3 Bxd3 22. Rxd3 Nf4 23. Qf3 Nxd3 24. cxd3 Rbd8 25. d4 Qd7 26. Re1 a6 27. a4 Rf5 28.
Qd3 Qc8 29. Re3 g6 30. Rg3 Be5 31. Re3 Bf4 32. Rf3 Re8 33. g3 Bc7 34. Rxf5 Qxf5 35. Qxf5 gxf5 36. Kg2 Kg7 37. Kf3 Kf6 38. Nd2 Re1 39. Nc4 Rc1 40. Nd6 Rc3+ 41. Kg2 Bxd6 42. Bxd6 Ke6 43. Bc5 Kd5 0-1

[Event "*** Titled Tuesday Blitz"]
[Site "Chess.com"]
[Date "2020.12.01"]
[Round "11"]
[White "MatyChess1"]
[Black "Nikolakis2014"]
[Result "1-0"]
[WhiteElo "2582"]
[BlackElo "2702"]
[TimeControl "180+1"]
[EndTime "12:05:40 PST"]
[Termination "MatyChess1 won by resignation"]

1. e4 c6 2. Nc3 d5 3. Nf3 Bg4 4. h3 Bxf3 5. Qxf3 e6 6. Be2 Nd7 7. O-O g6 8. d4 Bg7 9. Rd1 Ne7 10. Bf4 O-O 11. a4 a5 12. Bd6 Re8 13. g4 Nc8 14. Bg3 Qb6 15. e5 Rf8 16. Qe3 Ne7 17. f4 Rac8 18. Bh4 Rfe8 19. Bf2 Nb8 20. Bd3 Na6 21. f5 exf5 22. gxf5 f6 23. fxg6 Nxg6 24. e6 Nb4 25. Bf5 Qc7 26. Kh1 Qf4 27. Qxf4 Nxf4 28. Rg1 Kh8 29. Rae1 Re7 30. Rg4 Ng6 31. Bg3 Rd8 32. h4 Bh6 33. h5 Nf8 34. Ne2 Rg7 35. Ng1 Re8 36. Rxg7 Kxg7 37. c3 Na6 38. Bd6 Nb8 39. Nh3 Bg5 40. Kg2 h6 41. Nf4 Bxf4 42. Bxf4 Nh7 43. e7 Ng5 44. Bxb8 Rxb8 45. e8=Q Rxe8 46. Rxe8 Kf7 47. Rb8 Ne4 48. Rxb7+ Ke8 49. Bxe4 dxe4 50. Rh7 f5 51. Kf2 e3+ 52. Kxe3 1-0

[Event "*** Titled Tuesday Blitz"]
[Site "Chess.com"]
[Date "2020.12.01"]
[Round "11"]
[White "Twannibal"]
[Black "Meri-Arabidze"]
[Result "1-0"]
[WhiteElo "2525"]
[BlackElo "2609"]
[TimeControl "180+1"]
[EndTime "12:05:40 PST"]
[Termination "Twannibal won on time"]

1. e4 c5 2. Nf3 e6 3. d4 cxd4 4. Nxd4 Nc6 5. Nc3 a6 6. Be3 Nf6 7. Be2 d6 8. O-O Be7 9. f4 O-O 10. Kh1 Bd7 11. Qe1 Nxd4 12. Bxd4 b5 13. a3 Qb8 14.
Qg3 b4 15. axb4 Qxb4 16. Rad1 Bc6 17. e5 dxe5 18. fxe5 Nd7 19. Rf4 Qb7 20. Bd3 f5 21. Bc4 Kh8 22. Bxe6 Qxb2 23. Bxd7 Bxd7 24. e6 Bf6 25.
exd7 Rad8 26. Bxf6 Rxf6 27. Rfd4 Qxc2 28. Qc7 Rff8 29. Nd5 Qe2 30. Nf4 Qe3 31. h3 a5 32.
Qd6 Kg8 33. Ne6 1-0

[Event "*** Titled Tuesday Blitz"]
[Site "Chess.com"]
[Date "2020.12.01"]
[Round "11"]
[White "nikitadovbnya2008"]
[Black "CM_rui"]
[Result "1-0"]
[WhiteElo "2214"]
[BlackElo "2351"]
[TimeControl "180+1"]
[EndTime "12:05:41 PST"]
[Termination "nikitadovbnya2008 won on time"]

1. d4 Nf6 2. c4 e6 3. Nf3 Bb4+ 4. Bd2 Qe7 5. g3 O-O 6. Bg2 d5 7. O-O Bxd2 8. Nbxd2 c5 9. cxd5 exd5 10. dxc5 Qxc5 11.
Nb3 Qe7 12. Nbd4 Nc6 13. Rc1 Bd7 14. e3 Rad8 15. Re1 Rfe8 16. a3 a6 17. b4 Qd6 18.
Nxc6 bxc6 19. Nd4 Ne4 20. Qa4 c5 21. bxc5 Nxc5 22. Qd1 Ba4 23. Qd2 Ne4 24. Bxe4 dxe4 25. Qb4 Qd7 26. Rc5 Rb8 27. Qa5 Rb2 28. Rc7 Qd6 29.
Qxa4 Reb8 30. Qc4 Rf8 31. Qc5 Qf6 32. Rf1 g6 33. Rc8 Rxc8 34. Qxc8+ Kg7 35. Qc3 Rb6 36. Qc5 Rd6 37. Rc1 h5 38. h4 Rd7 39. Qc6 Rd6 40.
Qc7 Rb6 41. Rc6 Rb1+ 42. Kg2 1-0

[Event "*** Titled Tuesday Blitz"]
[Site "Chess.com"]
[Date "2020.12.01"]
[Round "11"]
[White "Mikasinski"]
[Black "coco_crc"]
[Result "1-0"]
[WhiteElo "2293"]
[BlackElo "2193"]
[TimeControl "180+1"]
[EndTime "12:05:42 PST"]
[Termination "Mikasinski won by resignation"]

1. e4 e5 2. Nf3 Nc6 3. Nc3 Nf6 4.
Bb5 a6 5. Bxc6 dxc6 6. Nxe5 Nxe4 7. Nxe4 Qd4 8. O-O Qxe5 9. d4 Qf5 10. Re1 Be6 11.
c3 Be7 12. Ng3 Qg6 13. Bf4 O-O-O 14. Qe2 h5 15. Qe4 Qxe4 16. Nxe4 Rhe8 17. g3 h4 18. Ng5 hxg3 19. Nxe6 gxf2+ 20. Kxf2 Bh4+ 21. Kf3 Bxe1 22. Nxd8 Kxd8 23. Be5 f6 24. Rxe1 fxe5 25. Rxe5 Rf8+ 26. Kg3 Kd7 27. h4 Rf6 28. Rg5 g6 29. c4 Ke7 30.
Rg4 Rd6 31. Re4+ Kf7 32. Kg4 b6 33. b4 Rd7 34. a4 Rd6 35. Kg5 c5 36. dxc5 bxc5 37.
b5 axb5 38. cxb5 Rd1 39. Rf4+ Kg7 40. Rc4 Rg1+ 41. Kf4 Ra1 42. Ke5 Re1+ 43. Kd5 Rh1 44. Kxc5 Ra1 45. Kc6 Rh1 46. Kxc7 Ra1 47. b6 Kf6 48. b7 1-0

[Event "*** Titled Tuesday Blitz"]
[Site "Chess.com"]
[Date "2020.12.01"]
[Round "11"]
[White "ArjunErigaisi2003"]
[Black "DrVelja"]
[Result "1-0"]
[WhiteElo "2936"]
[BlackElo "2811"]
[TimeControl "180+1"]
[EndTime "12:05:43 PST"]
[Termination "ArjunErigaisi2003 won by resignation"]

1. d4 Nf6 2. c4 g6 3. Nc3 d5 4.
Nf3 Bg7 5. h4 dxc4 6. e4 c5 7. d5 b5 8. h5 O-O 9. Nxb5 Qa5+ 10.
Nc3 Nxe4 11. Bd2 Nxd2 12. Qxd2 Nd7 13. hxg6 hxg6 14. Rc1 Rb8 15. Bxc4 Ba6 16. Be2 Nf6 17. Ne5 Bxe2 18. Qxe2 Nxd5 19. Nc6 Bxc3+ 20. bxc3 Qxc3+ 21. Rxc3 Rb1+ 22. Kd2 Rxh1 23. Nxe7+ Nxe7 24. Qxe7 Rb8 25. Qxa7 Rhb1 26. Rxc5 R1b7 27. Qa6 Rd7+ 28. Kc3 Re8 29.
Rc8 Re7 30. Rxe8+ Rxe8 31. Qb7 Re2 32. a4 Ra2 33. Qa8+ Kg7 34. a5 Rxf2 35. a6 Rxg2 36. Qxg2 1-0

[Event "*** Titled Tuesday Blitz"]
[Site "Chess.com"]
[Date "2020.12.01"]
[Round "11"]
[White "Mr_Sinigami"]
[Black "Sam_ChessMood"]
[Result "1/2-1/2"]
[WhiteElo "2591"]
[BlackElo "2806"]
[TimeControl "180+1"]
[EndTime "12:05:43 PST"]
[Termination "Game drawn by repetition"]

1. d4 Nf6 2. Nf3 d5 3. Bf4 c5 4.
e3 Nc6 5. c3 Qb6 6. Qc1 Bf5 7.
Nbd2 e6 8. Nb3 c4 9. Nbd2 Qd8 10. Be2 Bd6 11. Bg3 O-O 12. O-O Bxg3 13. hxg3 b5 14. Bd1 a5 15. Bc2 b4 16. Re1 a4 17. a3 bxc3 18.
bxc3 Qa5 19. e4 Bg6 20. exd5 exd5 21. Bxg6 hxg6 22. Ne5 Qa6 23. Qc2 Rab8 24. Rab1 Rfc8 25. Rxb8 Rxb8 26. Rb1 Rxb1+ 27. Qxb1 g5 28. f3 Ne7 29. Qb8+ Qc8 30. Qb4 Qe8 31. Nf1 Ng6 32.
Nxg6 fxg6 33. Kf2 g4 34. Ne3 gxf3 35. gxf3 g5 36. g4 Qd7 37. Qb8+ Kf7 38. Qe5 Kg6 39. Kg3 Kh6 40. Nf5+ Kg6 41. Ne7+ Kf7 42. Nf5 Kg6 43. Ne3 Kh6 44. Kh3 Kg6 45. Kg3 1/2-1/2

[Event "*** Titled Tuesday Blitz"]
[Site "Chess.com"]
[Date "2020.12.01"]
[Round "11"]
[White "Homino"]
[Black "Roza_Idrisova"]
[Result "1-0"]
[WhiteElo "2385"]
[BlackElo "2200"]
[TimeControl "180+1"]
[EndTime "12:05:43 PST"]
[Termination "Homino won by checkmate"]

1. e4 c6 2. d4 d5 3. Nc3 a6 4. Nf3 Bg4 5. Be2 e6 6. h3 Bh5 7.
O-O Nf6 8. e5 Nfd7 9. Nh2 Bg6 10. f4 c5 11. Kh1 cxd4 12. Qxd4 Bxc2 13. Ng4 h5 14. Ne3 Bc5 15. Qd2 Bh7 16. Nexd5 exd5 17.
Nxd5 Nc6 18. Bxh5 Bf5 19. Qd1 Kf8 20. Be3 Bxe3 21. Nxe3 Be4 22. Bg4 Nc5 23. Qc1 Nd3 24. Qc4 Qd4 25. Qxd4 Nxd4 26. Nc4 Nb5 27. a4 Nd4 28.
Nd6 Ke7 29. Nxe4 Rhc8 30. Rad1 Rc4 31. Rxd3 Rxa4 32. Nc5 Rb4 33. Rfd1 Nc6 34. Rd7+ Ke8 35. Nxb7 Rxf4 36. Rc7 Rc4 37. Nd6+ Kd8 38. Rd7# 1-0

[Event "*** Titled Tuesday Blitz"]
[Site "Chess.com"]
[Date "2020.12.01"]
[Round "11"]
[White "elamier"]
[Black "beto-betun"]
[Result "1-0"]
[WhiteElo "2301"]
[BlackElo "2197"]
[TimeControl "180+1"]
[EndTime "12:05:44 PST"]
[Termination "elamier won by resignation"]

1. e4 c5 2. Nf3 d6 3. d4 cxd4 4. Nxd4 Nf6 5. Nc3 a6 6. f4 e5 7. Nf3 Nc6 8. Bd3 Bg4 9. O-O Be7 10. Qe1 exf4 11. Bxf4 Ne5 12. Nxe5 dxe5 13. Bxe5 Qb6+ 14. Kh1 O-O-O 15. Qg3 h5 16. h3 Be6 17. Rab1 h4 18. Qf2 Bc5 19. Qf3 Bd4 20. Bh2 Nh5 21. Nd5 Bxd5 22. exd5 Ng3+ 23. Bxg3 hxg3 24. Qxg3 Rxd5 25.
Bf5+ Kd8 26. Qb8+ Ke7 27. Rbe1+ Kf6 28. Bg4+ Kg6 29. Qxh8 Rg5 30. Qc8 Bf2 31. Re2 Bg3 32. Qc3 Bb8 33. Qd3+ Kh6 34. Rxf7 Ba7 35. Rf1 Qc5 36.
Re6+ g6 37. Qd8 Qd4 38. Qf8+ Kh7 39. Re7+ 1-0

[Event "*** Titled Tuesday Blitz"]
[Site "Chess.com"]
[Date "2020.12.01"]
[Round "11"]
[White "Colombiano07"]
[Black "RaphCamora"]
[Result "1-0"]
[WhiteElo "2322"]
[BlackElo "2407"]
[TimeControl "180+1"]
[EndTime "12:05:45 PST"]
[Termination "Colombiano07 won by checkmate"]

1. d4 d5 2. Nf3 Nf6 3. e3 c5 4. b3 Bg4 5. h3 Bh5 6. Bb5+ Nbd7 7. O-O a6 8. Be2 e6 9. Bb2 Be7 10. Ne5 Bxe2 11. Qxe2 Nxe5 12. dxe5 Nd7 13. c4 O-O 14.
cxd5 exd5 15. f4 Re8 16. Nc3 Nf8 17. Rad1 d4 18. exd4 cxd4 19. Ne4 Ne6 20. f5 Nc5 21. Rxd4 Qb6 22. Kh1 Bf8 23. Nxc5 Bxc5 24. Re4 Rad8 25.
e6 f6 26. Qh5 Re7 27. Rh4 g6 28. fxg6 Bd4 29. gxh7+ Kh8 30. Bxd4 Rxd4 31. Rxf6 Rd8 32. Rhf4 Ree8 33. Rf8+ Rxf8 34. Qe5+ Kxh7 35. Qh5+ Kg7 36.
Qg5+ Kh8 37. Rh4# 1-0

[Event "*** Titled Tuesday Blitz"]
[Site "Chess.com"]
[Date "2020.12.01"]
[Round "11"]
[White "Sviridov_Valery"]
[Black "Rsnr"]
[Result "1-0"]
[WhiteElo "2926"]
[BlackElo "2798"]
[TimeControl "180+1"]
[EndTime "12:05:46 PST"]
[Termination "Sviridov_Valery won by resignation"]

1. Nf3 d5 2. g3 c6 3. Bg2 Bf5 4. O-O e6 5. c4 Nf6 6. cxd5 exd5 7. d3 Nbd7 8. Nc3 Bc5 9. Qb3 Bb6 10. e4 dxe4 11.
dxe4 Be6 12. Qc2 h6 13. h3 O-O 14. Rd1 Qe7 15. Nd4 Rad8 16. Be3 Rfe8 17. Rd2 Ne5 18. b3 Bc8 19. Rad1 c5 20. Ndb5 Rxd2 21. Rxd2 Rd8 22. f4 Nc6 23. e5 Nb4 24. Qd1 Rxd2 25. Qxd2 Ne8 26. a3 Nc6 27. Nd5 Qd8 28. g4 Be6 29. Nbc3 Nd4 30. Nxb6 Qxb6 31. b4 Nb3 32. Qd1 Qc7 33.
Nd5 Bxd5 34. Qxd5 c4 35. Qxb7 Qxb7 36. Bxb7 c3 37. Be4 Nc7 38. a4 Na6 39. b5 Nbc5 40.
Bc2 Nb4 41. Bxc5 Nxc2 42. Bxa7 Kf8 43. Bc5+ Ke8 44. Kf1 Kd7 45. Ke2 Na1 46. Kd3 c2 47. Be3 f6 48. exf6 gxf6 49. f5 Kd6 50. Bxh6 Kc5 51.
Be3+ Kb4 52. b6 1-0

[Event "*** Titled Tuesday Blitz"]
[Site "Chess.com"]
[Date "2020.12.01"]
[Round "11"]
[White "carloseduar100"]
[Black "Praslov"]
[Result "1-0"]
[WhiteElo "2094"]
[BlackElo "2383"]
[TimeControl "180+1"]
[EndTime "12:05:46 PST"]
[Termination "carloseduar100 won by checkmate"]

1. e4 c6 2. d4 d5 3. exd5 cxd5 4. Nc3 Nf6 5. Bf4 Nc6 6. Nf3 Bg4 7. Be2 e6 8. O-O Bd6 9. Bg3 O-O 10. Ne5 Bf5 11. Re1 Rc8 12. a3 Bxe5 13. dxe5 Nd7 14. Bd3 Bxd3 15. cxd3 Nd4 16. Kh1 Nf5 17. Bf4 Nc5 18. d4 Nd7 19. Ne2 Qb6 20. Qd2 Rc4 21.
Rad1 Rfc8 22. b4 a5 23. bxa5 Qb3 24. Rb1 Qxa3 25. Rxb7 Nf8 26. h3 Rc2 27. Qd1 Qxa5 28. Rf1 Qa6 29. Rb8 Rxb8 30. Qxc2 h6 31. Rc1 Ng6 32. Be3 Kh7 33. Nf4 Nxf4 34. Bxf4 Qa2 35. Qxa2 g5 36. Be3 Kg6 37. Qc2 Kg7 38. Rb1 Ra8 39.
Rb7 Ra1+ 40. Kh2 Rf1 41. Qc7 Nxe3 42. Qxf7+ Kh8 43. Qh7# 1-0

[Event "*** Titled Tuesday Blitz"]
[Site "Chess.com"]
[Date "2020.12.01"]
[Round "11"]
[White "Brave_spirit12"]
[Black "Leo_C"]
[Result "1-0"]
[WhiteElo "2489"]
[BlackElo "2374"]
[TimeControl "180+1"]
[EndTime "12:05:47 PST"]
[Termination "Brave_spirit12 won by resignation"]

1. e4 c6 2. Nc3 d5 3. Nf3 Bg4 4. h3 Bh5 5. exd5 cxd5 6. Bb5+ Nc6 7. g4 Bg6 8. Ne5 Rc8 9. d4 e6 10. Qe2 Bd6 11. h4 a6 12. Bxc6+ bxc6 13. h5 Be4 14. f3 Bxe5 15. dxe5 f5 16. fxe4 fxe4 17. O-O Qh4 18. Bf4 Nh6 19. Bxh6 gxh6 20. Qg2 Rg8 21. Rf4 Rc7 22. Nd1 Rcg7 23. Ne3 d4 24. Qxe4 dxe3 25. Qxc6+ Ke7 26. Qd6+ Ke8 27. Qxe6+ Qe7 28. Qc8+ Qd8 29. Qc6+ Ke7 30. Raf1 e2 31. Qf6+ Ke8 32. Qe6+ Qe7 33. Qc8+ Qd8 34. Rf8+ Rxf8 35. Rxf8+ Kxf8 36. Qxd8+ Kf7 37. Qf6+ Ke8 38. Kf2 Rf7 39. Qxf7+ Kxf7 40. Kxe2 Ke6 41. Kd3 Kxe5 42. Kc4 Kf4 43. Kd5 Kxg4 44. c4 Kxh5 45. c5 Kg5 46. c6 h5 47. c7 h4 48. c8=Q h3 49. Qxa6 1-0

[Event "*** Titled Tuesday Blitz"]
[Site "Chess.com"]
[Date "2020.12.01"]
[Round "11"]
[White "stepanosinovsky"]
[Black "ShahMatKanal"]
[Result "1-0"]
[WhiteElo "2315"]
[BlackElo "2457"]
[TimeControl "180+1"]
[EndTime "12:05:47 PST"]
[Termination "stepanosinovsky won by checkmate"]

1. e4 c5 2. Nf3 Nc6 3. Bb5 g6 4. Bxc6 dxc6 5. O-O Bg7 6. Re1 e5 7. a3 a5 8. d3 a4 9. Be3 Qe7 10. Nbd2 Nf6 11. Nc4 Nd7 12. b4 axb3 13. cxb3 O-O 14. a4 b6 15. a5 b5 16. Nb6 Nxb6 17. axb6 Rxa1 18. Qxa1 Rd8 19. Qa8 Bb7 20. Bxc5 Qd7 21. Qa1 Qxd3 22. h3 Ra8 23. Qd1 Qc3 24. Qd7 Qxc5 25.
Qxb7 Qa3 26. Rd1 Bf8 27. Ng5 Qe7 28. Qxa8 Qxg5 29. b7 Kg7 30. b8=Q Bc5 31. Qa2 Qf4 32. Qe2 h5 33. Qd8 h4 34. Qdd2 Qf6 35. Rc1 Bb6 36.
Qd7 Bd4 37. Rxc6 Qf4 38. Rc2 Qg5 39. Qd5 Qf4 40. Qf3 Qg5 41. Qfxf7+ Kh6 42. Qf8+ Kh5 43. Qf3+ Kh6 44. Qg8 Qe7 45. Qh8+ Kg5 46. Qg4# 1-0

[Event "*** Titled Tuesday Blitz"]
[Site "Chess.com"]
[Date "2020.12.01"]
[Round "11"]
[White "nitpicker"]
[Black "DarZay"]
[Result "0-1"]
[WhiteElo "2249"]
[BlackElo "2173"]
[TimeControl "180+1"]
[EndTime "12:05:47 PST"]
[Termination "DarZay won on time"]

1. d4 d5 2. c4 e6 3. Nf3 Be7 4. g3 Nf6 5. Bg2 O-O 6. O-O dxc4 7. Ne5 Nbd7 8. Nxc4 Nb6 9. Na5 c6 10. Nc3 Nbd5 11.
Nc4 Nxc3 12. bxc3 Bd7 13. Rb1 b5 14. Ne5 Rc8 15. e4 Bd6 16. f4 c5 17. Bb2 Ne8 18.
Qe2 f6 19. Nd3 cxd4 20. cxd4 b4 21. e5 Be7 22. d5 Qb6+ 23. Kh1 exd5 24. Bxd5+ Be6 25.
Bxe6+ Qxe6 26. Qe4 f5 27. Qf3 Nc7 28. Bd4 Nb5 29.
Bf2 a5 30. Rfc1 Nc3 31. Rb2 Rcd8 32. Kg2 Rd7 33. Rcc2 Rfd8 34. Nc5 Bxc5 35. Bxc5 Rd3 36. Qb7 Nd1 37. Rb1 R8d7 38. Qa8+ Kf7 0-1

[Event "*** Titled Tuesday Blitz"]
[Site "Chess.com"]
[Date "2020.12.01"]
[Round "11"]
[White "daro94"]
[Black "GregShahade"]
[Result "1-0"]
[WhiteElo "2856"]
[BlackElo "2704"]
[TimeControl "180+1"]
[EndTime "12:05:49 PST"]
[Termination "daro94 won by checkmate"]

1. e4 e5 2. Nf3 Nc6 3. Bb5 a6 4. Ba4 Nf6 5. O-O Be7 6. d3 b5 7.
Bb3 d6 8. a4 Bd7 9. c3 O-O 10.
Re1 Na5 11. Bc2 c5 12. Nbd2 Re8 13. Nf1 b4 14. h3 h6 15. Ng3 Bf8 16. d4 Qc7 17. cxb4 cxb4 18. b3 Rec8 19. Re2 Nc6 20. Bb2 Re8 21. Rc1 Qb6 22. Qd2 a5 23. Bd3 Rac8 24.
Bc4 Rcd8 25. d5 Nb8 26. Qd3 Rc8 27. Rcc2 Rc7 28. Bc1 Rec8 29. Be3 Qb7 30. Re1 Be8 31. Rec1 g6 32. Qd2 Kh7 33. Qd3 Nfd7 34. h4 h5 35. Qe2 Nc5 36. Ng5+ Kg8 37. Bxc5 Rxc5 38. Bb5 Rxc2 39. Rxc2 Rxc2 40. Qxc2 Bxb5 41. axb5 Qxb5 42.
Qc8 Qb6 43. Nxh5 gxh5 44. Qf5 Bg7 45. Qxf7+ Kh8 46. Qe8+ Bf8 47. Qxf8# 1-0

[Event "*** Titled Tuesday Blitz"]
[Site "Chess.com"]
[Date "2020.12.01"]
[Round "11"]
[White "youngKID"]
[Black "temus_galaktionov"]
[Result "1-0"]
[WhiteElo "2846"]
[BlackElo "2698"]
[TimeControl "180+1"]
[EndTime "12:05:49 PST"]
[Termination "youngKID won by resignation"]

1. Nf3 c6 2. e4 g6 3. Nc3 Bg7 4. d4 d6 5. a4 Nd7 6. Bc4 e5 7.
O-O Ngf6 8. Re1 O-O 9. h3 Qe7 10. dxe5 dxe5 11. b3 b6 12. Ba3 c5 13. Nb5 Bb7 14.
Nd6 Bc6 15. Ng5 h6 16. Ndxf7 Rxf7 17. Nxf7 Kf8 18. Bb2 a6 19. Qd6 Qxd6 20. Nxd6 Ke7 21. Rad1 Nh7 22. Bf1 Ng5 23. Nc4 Ne6 24. c3 Rc8 25.
Rd2 h5 26. Red1 Rc7 27. Bc1 Bxe4 28. Nd6 Bc6 29. Bxa6 Nf4 30. Nb5 Bxb5 31. Bxb5 Nf6 32. Kh2 h4 33. g3 hxg3+ 34. fxg3 Ne6 35. Rd6 Ne4 36. Rd7+ Kf6 37. Rf1+ Nf4 38. Rxc7 1-0